[ AOE2 MATCH · #478557985 ]
UnrankedEthiopians vs Turks
[ REPLAY ANALYSIS · EXTRACTED FROM THE RECORDED GAME ]
Feudal
11:28
Castle
16:05
Imperial
29:14
| APM avg | 36.6 |
| APM peak | 78 |
| eAPM avg | 22.3 |
| Villagers / military | 145 / 306 |
Focus
⚔️ 37.7% · 🌾 62.3%
Spearman ×257 · Trade Cart ×30 · Bombard Cannon ×29 · Battering Ram ×19 · Scorpion ×1
Feudal
11:42
Castle
17:49
Imperial
30:45
| APM avg | 30.4 |
| APM peak | 70 |
| eAPM avg | 17.2 |
| Villagers / military | 166 / 255 |
Focus
⚔️ 27.1% · 🌾 72.9%
Camel Scout ×141 · Scout Cavalry ×92 · Trade Cart ×67 · Bombard Cannon ×15 · Janissary ×4 · Scorpion ×3
Feudal
11:24
Castle
15:22
Imperial
29:38
| APM avg | 33.0 |
| APM peak | 75 |
| eAPM avg | 21.1 |
| Villagers / military | 142 / 277 |
Focus
⚔️ 39.1% · 🌾 60.9%
Longbowman ×269 · Trade Cart ×54 · Trebuchet (Packed) ×8
Feudal
11:52
Castle
15:36
Imperial
31:16
| APM avg | 26.3 |
| APM peak | 61 |
| eAPM avg | 19.2 |
| Villagers / military | 153 / 285 |
Focus
⚔️ 39.0% · 🌾 61.0%
Mangonel ×147 · Scorpion ×125 · Trade Cart ×57 · Battering Ram ×6 · Skirmisher ×5 · Monk ×2
Feudal
12:20
Castle
15:59
Imperial
32:54
| APM avg | 28.1 |
| APM peak | 72 |
| eAPM avg | 18.7 |
| Villagers / military | 170 / 362 |
Focus
⚔️ 30.0% · 🌾 70.0%
Spearman ×312 · Bombard Cannon ×49 · Trade Cart ×29 · Monk ×1
Feudal
10:32
Castle
14:28
Imperial
30:51
| APM avg | 31.2 |
| APM peak | 61 |
| eAPM avg | 21.8 |
| Villagers / military | 157 / 729 |
Focus
⚔️ 48.7% · 🌾 51.3%
Spearman ×291 · Archer ×263 · Longbowman ×118 · Skirmisher ×57 · Trade Cart ×18
Feudal
10:36
Castle
14:27
Imperial
30:40
| APM avg | 28.5 |
| APM peak | 75 |
| eAPM avg | 19.1 |
| Villagers / military | 167 / 261 |
Focus
⚔️ 36.0% · 🌾 64.0%
War Elephant ×260 · Trade Cart ×65 · Monk ×1
Feudal
10:14
Castle
16:58
Imperial
32:20
| APM avg | 28.5 |
| APM peak | 75 |
| eAPM avg | 15.6 |
| Villagers / military | 179 / 355 |
Focus
⚔️ 24.8% · 🌾 75.2%
Knight ×249 · Leitis ×94 · Trade Cart ×22 · Scout Cavalry ×8 · Monk ×4
Match map
Initial resources + every placement click. Lines = walls · curves = elevation contours. ◆ gold · ⬟ stone · ● berries · ✦ relic · ◌ wall gap
Your base· ✓ Closed at 16:05 · 38t walls · no gate
GA_PureViolence's base· ✓ Closed at 17:49 · 60t walls · 1 gate(s)
Alemuar's base· ✓ Closed at 15:22 · 6t walls · no gate
Pisagor Amca's base· ✓ Closed at 15:36 · 15t walls · no gate
I_IFK's base· ✓ Closed at 15:59 · 0t walls · no gate
GA_Unreal's base· ✓ Closed at 14:28 · 0t walls · no gate
Dis's base· ✓ Closed at 14:27 · 24t walls · 1 gate(s)
ovejaelectrica's base· ✓ Closed at 16:58 · 0t walls · no gate
Smoothed initial terrain · ◌ = detected wall gap · hover for details
Inputs per minute
— Jail-Undercover - - GA_PureViolence
Build order — Jail-Undercover
First 150 of 479 actions detected
| 0:01 | Create | Villager (Male) |
| 0:01 | Create | Villager (Male) |
| 0:01 | Create | Villager (Male) |
| 0:02 | Create | Villager (Male) |
| 0:03 | Build | House |
| 0:07 | Build | House |
| 1:41 | Create | Villager (Male) |
| 1:53 | Build | Lumber Camp |
| 2:01 | Create | Villager (Male) |
| 2:27 | Create | Villager (Male) |
| 2:48 | Build | House |
| 2:50 | Build | House |
| 3:02 | Create | Villager (Male) |
| 3:03 | Create | Villager (Male) |
| 3:06 | Create | Villager (Male) |
| 3:26 | Create | Villager (Male) |
| 3:47 | Create | Villager (Male) |
| 3:56 | Build | House |
| 4:20 | Create | Villager (Male) |
| 4:26 | Create | Villager (Male) |
| 4:38 | Create | Villager (Male) |
| 5:10 | Create | Villager (Male) |
| 5:28 | Create | Villager (Male) |
| 5:46 | Build | Mill |
| 5:54 | Create | Villager (Male) |
| 5:59 | Create | Villager (Male) |
| 6:00 | Create | Villager (Male) |
| 6:19 | Research | Loom |
| 6:23 | Create | Villager (Male) |
| 6:45 | Create | Villager (Male) |
| 7:03 | Create | Villager (Male) |
| 7:20 | Create | Villager (Male) |
| 7:27 | Create | Villager (Male) |
| 7:53 | Create | Villager (Male) |
| 8:26 | Build | Palisade Wall |
| 8:38 | Build | House |
| 8:55 | Research | Feudal Age |
| 8:55 | Research | Feudal Age |
| 8:57 | Build | Mining Camp |
| 9:48 | Build | Lumber Camp |
| 9:56 | Build | Palisade Wall |
| 10:41 | Create | Villager (Male) |
| 10:57 | Create | Villager (Male) |
| 11:28 | Age | Feudal Age |
| 11:33 | Build | Stone Wall |
| 11:39 | Create | Villager (Male) |
| 11:53 | Build | Market |
| 11:56 | Create | Villager (Male) |
| 12:41 | Build | Blacksmith |
| 13:25 | Research | Castle Age |
| 13:25 | Research | Castle Age |
| 13:58 | Build | Lumber Camp |
| 14:05 | Build | House |
| 14:05 | Build | House |
| 14:37 | Research | Double-Bit Axe |
| 14:37 | Research | Double-Bit Axe |
| 14:42 | Research | Horse Collar |
| 14:42 | Research | Horse Collar |
| 14:47 | Build | Farm |
| 14:52 | Build | Farm |
| 14:59 | Build | Farm |
| 15:06 | Build | Farm |
| 15:08 | Build | Farm |
| 15:36 | Build | Farm |
| 15:38 | Build | Farm |
| 15:40 | Build | Farm |
| 15:50 | Create | Villager (Male) |
| 16:05 | Age | Castle Age |
| 16:08 | Create | Villager (Male) |
| 16:19 | Build | Town Center |
| 16:34 | Build | Farm |
| 16:48 | Create | Villager (Male) |
| 16:52 | Create | Villager (Male) |
| 17:02 | Build | Siege Workshop |
| 17:06 | Create | Villager (Male) |
| 17:15 | Create | Villager (Male) |
| 17:20 | Build | Farm |
| 17:25 | Build | Outpost |
| 17:26 | Research | Town Watch |
| 17:27 | Research | Town Watch |
| 17:30 | Build | Farm |
| 17:43 | Create | Villager (Male) |
| 17:55 | Create | Villager (Male) |
| 17:58 | Build | Farm |
| 18:08 | Create | Villager (Male) |
| 18:17 | Build | Outpost |
| 18:20 | Create | Scorpion |
| 18:24 | Build | Farm |
| 18:36 | Build | House |
| 18:37 | Build | House |
| 18:38 | Create | Villager (Male) |
| 18:39 | Create | Villager (Male) |
| 18:48 | Build | Farm |
| 18:52 | Build | Farm |
| 19:06 | Create | Villager (Male) |
| 19:22 | Create | Villager (Male) |
| 19:30 | Build | House |
| 19:32 | Build | House |
| 19:46 | Build | Town Center |
| 19:48 | Create | Villager (Male) |
| 19:51 | Research | Wheelbarrow |
| 19:56 | Build | Farm |
| 19:57 | Build | Farm |
| 19:59 | Build | Farm |
| 20:01 | Create | Villager (Male) |
| 20:13 | Create | Villager (Male) |
| 20:16 | Build | House |
| 20:17 | Build | House |
| 20:39 | Create | Villager (Male) |
| 20:42 | Create | Villager (Male) |
| 20:45 | Create | Villager (Male) |
| 20:49 | Build | Farm |
| 20:52 | Create | Villager (Male) |
| 20:59 | Build | House |
| 21:00 | Build | House |
| 21:01 | Create | Villager (Male) |
| 21:22 | Create | Villager (Male) |
| 21:35 | Build | Farm |
| 21:38 | Build | Farm |
| 21:39 | Build | Farm |
| 21:41 | Create | Villager (Male) |
| 21:46 | Build | House |
| 21:46 | Build | House |
| 21:47 | Build | House |
| 21:48 | Create | Villager (Male) |
| 21:54 | Create | Villager (Male) |
| 22:04 | Create | Villager (Male) |
| 22:10 | Create | Villager (Male) |
| 22:19 | Create | Villager (Male) |
| 22:22 | Build | Farm |
| 22:24 | Build | Farm |
| 22:27 | Build | Farm |
| 22:30 | Build | Farm |
| 22:30 | Create | Villager (Male) |
| 22:36 | Create | Villager (Male) |
| 22:40 | Build | Farm |
| 22:43 | Build | Farm |
| 22:44 | Create | Villager (Male) |
| 22:50 | Research | Bow Saw |
| 22:51 | Research | Bow Saw |
| 22:55 | Research | Heavy Plow |
| 23:03 | Create | Villager (Male) |
| 23:03 | Create | Villager (Male) |
| 23:10 | Build | Farm |
| 23:11 | Build | Farm |
| 23:14 | Build | Farm |
| 23:16 | Build | Farm |
| 23:18 | Create | Villager (Male) |
| 23:23 | Create | Villager (Male) |
| 23:29 | Create | Villager (Male) |
Build order — GA_PureViolence
First 150 of 525 actions detected
| 0:03 | Create | Villager (Male) ×4 |
| 0:03 | Create | Villager (Male) ×4 |
| 0:06 | Build | House |
| 0:08 | Build | House |
| 1:26 | Create | Villager (Male) |
| 1:27 | Create | Villager (Male) |
| 1:52 | Build | Lumber Camp |
| 2:15 | Create | Villager (Male) |
| 2:15 | Create | Villager (Male) |
| 2:44 | Create | Villager (Male) |
| 2:44 | Create | Villager (Male) |
| 2:44 | Create | Villager (Male) |
| 3:27 | Create | Villager (Male) |
| 3:50 | Create | Villager (Male) |
| 3:50 | Create | Villager (Male) |
| 4:07 | Build | House |
| 4:32 | Create | Villager (Male) |
| 4:32 | Create | Villager (Male) |
| 4:33 | Create | Villager (Male) |
| 4:33 | Create | Villager (Male) |
| 5:17 | Create | Villager (Male) |
| 5:17 | Create | Villager (Male) |
| 5:17 | Create | Villager (Male) |
| 5:17 | Create | Villager (Male) |
| 6:05 | Create | Villager (Male) |
| 6:06 | Create | Villager (Male) |
| 6:09 | Build | House |
| 6:40 | Create | Villager (Male) |
| 6:41 | Create | Villager (Male) |
| 7:11 | Build | Mill |
| 8:06 | Research | Loom |
| 8:21 | Create | Villager (Male) |
| 8:22 | Create | Villager (Male) |
| 9:00 | Research | Feudal Age |
| 9:15 | Build | Mining Camp |
| 9:34 | Build | Palisade Wall |
| 9:40 | Create | Villager (Male) |
| 9:40 | Create | Villager (Male) |
| 9:44 | Build | House |
| 10:18 | Build | Palisade Wall |
| 10:25 | Create | Villager (Male) |
| 10:25 | Create | Villager (Male) |
| 10:38 | Create | Villager (Male) |
| 11:02 | Build | Palisade Wall |
| 11:05 | Build | Palisade Wall |
| 11:26 | Create | Villager (Male) |
| 11:42 | Age | Feudal Age |
| 11:43 | Build | Palisade Gate |
| 11:50 | Research | Double-Bit Axe |
| 11:51 | Research | Horse Collar |
| 12:08 | Build | House |
| 12:33 | Build | Palisade Wall |
| 12:45 | Build | Mining Camp |
| 13:02 | Build | Stone Wall |
| 13:12 | Build | Farm |
| 13:13 | Build | Farm |
| 13:36 | Create | Villager (Male) |
| 13:44 | Build | Market |
| 13:50 | Build | Blacksmith |
| 13:56 | Create | Villager (Male) |
| 14:04 | Build | Farm |
| 14:05 | Build | Farm |
| 14:08 | Build | Farm |
| 14:10 | Build | Farm |
| 14:11 | Build | Farm |
| 14:13 | Build | Farm |
| 14:15 | Build | Farm |
| 14:35 | Build | Farm |
| 14:38 | Build | Farm |
| 15:09 | Research | Castle Age |
| 15:09 | Research | Castle Age |
| 15:25 | Build | Stone Wall |
| 15:27 | Build | Stone Wall |
| 15:39 | Build | Gate |
| 15:40 | Build | Stone Wall |
| 15:45 | Build | Stone Wall |
| 16:04 | Build | Market |
| 16:25 | Build | Stone Wall |
| 16:28 | Build | Stone Wall |
| 16:28 | Build | Stone Wall |
| 16:29 | Build | Stone Wall |
| 16:30 | Build | Stone Wall |
| 16:44 | Build | Stone Wall |
| 16:52 | Build | Stone Wall |
| 17:06 | Research | Stone Mining |
| 17:09 | Build | Farm |
| 17:11 | Build | Farm |
| 17:34 | Build | Stone Wall |
| 17:35 | Build | Stone Wall |
| 17:36 | Build | Stone Wall |
| 17:37 | Build | Stone Wall |
| 17:42 | Build | House |
| 17:47 | Build | House |
| 17:49 | Age | Castle Age |
| 17:50 | Build | House |
| 18:05 | Build | Stone Wall |
| 18:20 | Create | Villager (Male) |
| 18:21 | Create | Villager (Male) |
| 18:21 | Create | Villager (Male) |
| 18:21 | Create | Villager (Male) |
| 18:30 | Build | Town Center |
| 19:06 | Build | Stone Wall |
| 19:08 | Build | Stone Wall |
| 19:11 | Build | Stone Wall |
| 19:15 | Build | Stone Wall |
| 19:16 | Build | Stone Wall |
| 19:32 | Build | Town Center |
| 19:49 | Create | Villager (Male) |
| 19:49 | Create | Villager (Male) |
| 19:54 | Create | Villager (Male) |
| 19:54 | Create | Villager (Male) |
| 20:11 | Create | Villager (Male) ×5 |
| 20:13 | Research | Wheelbarrow |
| 20:41 | Research | Gold Mining |
| 20:54 | Create | Villager (Male) |
| 20:54 | Create | Villager (Male) |
| 20:55 | Create | Villager (Male) |
| 20:56 | Create | Villager (Male) |
| 21:00 | Research | Bow Saw |
| 21:11 | Create | Villager (Male) |
| 21:12 | Create | Villager (Male) |
| 21:12 | Create | Villager (Male) |
| 21:25 | Build | Farm |
| 21:26 | Build | Farm |
| 21:30 | Build | Farm |
| 21:36 | Build | Farm |
| 21:49 | Create | Villager (Male) |
| 21:49 | Create | Villager (Male) |
| 21:49 | Create | Villager (Male) |
| 21:55 | Build | Farm |
| 21:56 | Build | Farm |
| 22:02 | Create | Villager (Male) |
| 22:05 | Build | Farm |
| 22:06 | Build | Farm |
| 22:10 | Build | Farm |
| 22:17 | Build | House |
| 22:19 | Build | House |
| 22:40 | Create | Villager (Male) |
| 22:41 | Create | Villager (Male) |
| 22:41 | Create | Villager (Male) |
| 22:43 | Research | Heavy Plow |
| 22:44 | Research | Heavy Plow |
| 22:54 | Build | Farm |
| 23:00 | Build | Farm |
| 23:06 | Build | Farm |
| 23:09 | Create | Villager (Male) |
| 23:09 | Create | Villager (Male) |
| 23:09 | Create | Villager (Male) |
| 23:10 | Create | Villager (Male) |
| 23:24 | Create | Villager (Male) |
Build order — Alemuar
First 150 of 488 actions detected
| 0:01 | Create | Villager (Male) |
| 0:02 | Build | House |
| 0:03 | Build | House |
| 0:05 | Build | House |
| 0:05 | Create | Villager (Male) |
| 0:06 | Create | Villager (Male) |
| 0:15 | Create | Villager (Male) |
| 0:15 | Create | Villager (Male) |
| 1:16 | Create | Villager (Male) |
| 1:48 | Build | Lumber Camp |
| 1:51 | Create | Villager (Male) |
| 1:52 | Create | Villager (Male) |
| 2:11 | Create | Villager (Male) |
| 2:29 | Create | Villager (Male) |
| 2:59 | Create | Villager (Male) |
| 3:17 | Create | Villager (Male) |
| 3:46 | Create | Villager (Male) |
| 4:05 | Create | Villager (Male) |
| 4:17 | Build | Mill |
| 4:21 | Create | Villager (Male) |
| 4:53 | Build | House |
| 5:05 | Create | Villager (Male) |
| 5:06 | Create | Villager (Male) |
| 5:49 | Create | Villager (Male) |
| 5:49 | Create | Villager (Male) |
| 6:28 | Research | Loom |
| 6:42 | Build | Palisade Wall |
| 6:44 | Create | Villager (Male) |
| 7:14 | Create | Villager (Male) |
| 7:15 | Create | Villager (Male) |
| 8:00 | Build | Mining Camp |
| 8:04 | Create | Villager (Male) |
| 8:04 | Create | Villager (Male) |
| 8:04 | Create | Villager (Male) |
| 8:51 | Research | Feudal Age |
| 10:13 | Create | Villager (Male) |
| 10:19 | Build | House |
| 11:24 | Age | Feudal Age |
| 11:26 | Build | Market |
| 11:30 | Build | Blacksmith |
| 11:47 | Create | Villager (Male) |
| 12:17 | Create | Villager (Male) |
| 12:41 | Research | Castle Age |
| 13:00 | Build | House |
| 13:01 | Build | House |
| 13:25 | Research | Double-Bit Axe |
| 13:38 | Build | House |
| 13:47 | Research | Horse Collar |
| 13:51 | Build | Farm |
| 13:54 | Build | Farm |
| 14:02 | Build | Farm |
| 14:05 | Build | Farm |
| 14:32 | Build | House |
| 14:35 | Create | Villager (Male) |
| 14:35 | Create | Villager (Male) |
| 14:37 | Build | Farm |
| 14:40 | Build | Farm |
| 14:47 | Build | House |
| 15:08 | Build | Farm |
| 15:22 | Age | Castle Age |
| 15:24 | Build | Town Center |
| 15:35 | Build | Town Center |
| 15:43 | Research | Bow Saw |
| 15:46 | Create | Villager (Male) |
| 16:17 | Create | Villager (Male) |
| 16:18 | Create | Villager (Male) |
| 16:46 | Create | Villager (Male) |
| 16:47 | Create | Villager (Male) |
| 17:09 | Create | Villager (Male) |
| 17:14 | Build | Farm |
| 17:16 | Build | Farm |
| 17:18 | Build | Farm |
| 17:19 | Create | Villager (Male) |
| 17:26 | Build | Farm |
| 17:28 | Build | Farm |
| 17:30 | Build | Farm |
| 17:32 | Build | Farm |
| 17:49 | Create | Villager (Male) |
| 17:50 | Create | Villager (Male) |
| 17:51 | Create | Villager (Male) |
| 17:51 | Create | Villager (Male) |
| 18:07 | Build | Farm |
| 18:13 | Create | Villager (Male) |
| 18:13 | Create | Villager (Male) |
| 18:27 | Create | Villager (Male) |
| 18:35 | Build | Town Center |
| 18:38 | Create | Villager (Male) |
| 18:42 | Create | Villager (Male) |
| 18:42 | Create | Villager (Male) |
| 18:42 | Create | Villager (Male) |
| 18:42 | Create | Villager (Male) |
| 18:47 | Build | Farm |
| 19:02 | Create | Villager (Male) |
| 19:02 | Create | Villager (Male) |
| 19:02 | Create | Villager (Male) |
| 19:08 | Build | Farm |
| 19:15 | Build | Farm |
| 19:20 | Build | Farm |
| 19:22 | Build | Farm |
| 19:27 | Build | Farm |
| 19:28 | Create | Villager (Male) |
| 19:28 | Create | Villager (Male) |
| 19:30 | Create | Villager (Male) |
| 19:37 | Create | Villager (Male) |
| 19:39 | Build | Farm |
| 19:49 | Build | Farm |
| 19:52 | Build | House |
| 19:53 | Build | House |
| 19:54 | Create | Villager (Male) |
| 20:00 | Build | Farm |
| 20:03 | Build | Farm |
| 20:09 | Build | Farm |
| 20:13 | Create | Villager (Male) |
| 20:13 | Create | Villager (Male) |
| 20:13 | Create | Villager (Male) |
| 20:18 | Create | Villager (Male) |
| 20:21 | Build | Farm |
| 20:26 | Create | Villager (Male) |
| 20:33 | Build | Farm |
| 20:37 | Create | Villager (Male) |
| 20:41 | Build | Farm |
| 20:43 | Create | Villager (Male) |
| 20:56 | Research | Heavy Plow |
| 21:05 | Build | House |
| 21:05 | Build | House |
| 21:09 | Create | Villager (Male) |
| 21:09 | Create | Villager (Male) |
| 21:09 | Create | Villager (Male) |
| 21:13 | Build | Farm |
| 21:20 | Build | Farm |
| 21:22 | Create | Villager (Male) |
| 21:22 | Create | Villager (Male) |
| 21:28 | Build | Farm |
| 21:35 | Create | Villager (Male) |
| 21:35 | Create | Villager (Male) |
| 21:35 | Create | Villager (Male) |
| 21:49 | Build | Mining Camp |
| 21:52 | Create | Villager (Male) |
| 21:52 | Create | Villager (Male) |
| 21:52 | Create | Villager (Male) |
| 22:03 | Build | Farm |
| 22:03 | Create | Villager (Male) |
| 22:03 | Create | Villager (Male) |
| 22:09 | Build | House |
| 22:10 | Build | House |
| 22:10 | Build | House |
| 22:12 | Build | House |
| 22:13 | Build | House |
| 22:14 | Build | House |
| 22:16 | Create | Villager (Male) |
Build order — Pisagor Amca
First 150 of 468 actions detected
| 0:01 | Create | Villager (Male) |
| 0:01 | Create | Villager (Male) |
| 0:01 | Create | Villager (Male) |
| 0:02 | Build | House |
| 0:03 | Build | House |
| 0:36 | Create | Villager (Male) |
| 1:29 | Create | Villager (Male) |
| 1:50 | Build | Lumber Camp |
| 2:27 | Create | Villager (Male) ×2 |
| 2:54 | Create | Villager (Male) |
| 3:07 | Create | Villager (Male) |
| 3:50 | Create | Villager (Male) |
| 4:16 | Create | Villager (Male) |
| 4:16 | Create | Villager (Male) |
| 4:46 | Build | House |
| 4:51 | Create | Villager (Male) |
| 5:18 | Create | Villager (Male) |
| 5:19 | Create | Villager (Male) |
| 5:20 | Create | Villager (Male) |
| 5:20 | Create | Villager (Male) |
| 5:24 | Create | Villager (Male) |
| 5:43 | Build | Mill |
| 6:13 | Build | House |
| 6:31 | Create | Villager (Male) |
| 6:43 | Create | Villager (Male) ×5 |
| 7:43 | Build | Mining Camp |
| 7:45 | Create | Villager (Male) |
| 8:08 | Build | House |
| 8:10 | Build | Lumber Camp |
| 9:14 | Build | House |
| 9:19 | Build | House |
| 9:41 | Research | Feudal Age |
| 9:41 | Research | Feudal Age |
| 10:08 | Create | Villager (Male) |
| 10:08 | Create | Villager (Male) |
| 10:23 | Build | House |
| 10:50 | Build | Palisade Wall |
| 11:03 | Build | Farm |
| 11:04 | Build | Farm |
| 11:07 | Build | Farm |
| 11:52 | Age | Feudal Age |
| 11:55 | Build | Blacksmith |
| 12:03 | Build | Market |
| 12:23 | Research | Double-Bit Axe |
| 12:56 | Research | Castle Age |
| 12:56 | Research | Castle Age |
| 13:09 | Build | Mining Camp |
| 13:26 | Build | House |
| 13:42 | Create | Villager (Male) |
| 13:42 | Create | Villager (Male) |
| 13:56 | Build | House |
| 13:58 | Build | House |
| 14:05 | Build | House |
| 15:02 | Build | House |
| 15:07 | Build | House |
| 15:10 | Build | Palisade Wall |
| 15:24 | Build | Farm |
| 15:25 | Build | Farm |
| 15:26 | Build | Farm |
| 15:30 | Build | Farm |
| 15:36 | Age | Castle Age |
| 15:38 | Build | Town Center |
| 16:07 | Create | Villager (Male) ×5 |
| 16:10 | Build | Town Center |
| 16:15 | Build | House |
| 16:25 | Create | Villager (Male) ×5 |
| 16:41 | Research | Bow Saw |
| 16:41 | Research | Bow Saw |
| 16:50 | Build | House |
| 17:04 | Create | Villager (Male) ×3 |
| 17:20 | Build | House |
| 17:22 | Create | Villager (Male) |
| 17:27 | Build | Farm |
| 17:31 | Create | Villager (Male) |
| 17:50 | Build | Farm |
| 17:52 | Build | Farm |
| 17:56 | Create | Villager (Male) |
| 18:04 | Build | Farm |
| 18:20 | Create | Villager (Male) |
| 18:32 | Build | Monastery |
| 18:33 | Create | Villager (Male) |
| 18:43 | Build | Farm |
| 18:52 | Create | Villager (Male) ×3 |
| 19:03 | Create | Villager (Male) |
| 19:07 | Build | Farm |
| 19:08 | Build | Farm |
| 19:20 | Create | Monk |
| 19:25 | Build | House |
| 19:41 | Build | Farm |
| 19:42 | Build | Farm |
| 19:44 | Build | Farm |
| 19:48 | Create | Villager (Male) ×3 |
| 19:57 | Create | Villager (Male) |
| 20:03 | Create | Villager (Male) |
| 20:10 | Create | Villager (Male) |
| 20:16 | Create | Monk |
| 20:31 | Create | Villager (Male) ×2 |
| 20:33 | Build | Farm |
| 20:33 | Build | Farm |
| 20:33 | Build | Farm |
| 20:33 | Build | Farm |
| 20:34 | Build | Farm |
| 20:40 | Build | Farm |
| 20:41 | Build | Farm |
| 20:41 | Build | Farm |
| 20:41 | Build | Farm |
| 20:41 | Build | Farm |
| 20:46 | Build | House |
| 20:49 | Create | Villager (Male) |
| 21:03 | Create | Villager (Male) ×2 |
| 21:20 | Create | Villager (Male) ×2 |
| 21:22 | Build | Farm |
| 21:23 | Build | Farm |
| 21:24 | Build | Farm |
| 21:24 | Build | Farm |
| 21:24 | Build | Farm |
| 21:25 | Build | Farm |
| 21:25 | Build | Farm |
| 21:25 | Build | Farm |
| 21:27 | Create | Villager (Male) |
| 21:40 | Build | Farm |
| 21:46 | Build | Farm |
| 21:47 | Create | Villager (Male) ×2 |
| 22:01 | Create | Villager (Male) ×2 |
| 22:16 | Build | Market |
| 22:19 | Create | Villager (Male) ×2 |
| 22:27 | Create | Villager (Male) ×2 |
| 22:35 | Build | Farm |
| 22:35 | Build | Farm |
| 22:36 | Build | Farm |
| 22:36 | Build | Farm |
| 22:36 | Build | Farm |
| 22:36 | Build | Farm |
| 22:37 | Build | Farm |
| 22:37 | Build | Farm |
| 22:41 | Research | Horse Collar |
| 22:53 | Create | Villager (Male) ×3 |
| 23:11 | Create | Villager (Male) ×2 |
| 23:24 | Create | Villager (Male) ×3 |
| 23:40 | Build | Farm |
| 23:42 | Build | Farm |
| 23:44 | Build | Farm |
| 23:49 | Build | Farm |
| 23:50 | Build | Farm |
| 23:54 | Research | Caravan |
| 23:54 | Create | Trade Cart |
| 23:55 | Create | Trade Cart |
| 23:55 | Create | Trade Cart |
| 23:56 | Create | Trade Cart |
| 24:18 | Create | Villager (Male) ×5 |
Build order — I_IFK
First 150 of 568 actions detected
| 0:02 | Create | Villager (Male) |
| 0:02 | Create | Villager (Male) |
| 0:03 | Create | Villager (Male) |
| 0:03 | Create | Villager (Male) |
| 0:04 | Build | House |
| 0:06 | Build | House |
| 1:35 | Create | Villager (Male) |
| 1:35 | Create | Villager (Male) |
| 1:35 | Create | Villager (Male) |
| 2:44 | Create | Villager (Male) |
| 2:44 | Create | Villager (Male) |
| 2:44 | Create | Villager (Male) |
| 2:44 | Create | Villager (Male) |
| 3:47 | Create | Villager (Male) |
| 3:47 | Create | Villager (Male) |
| 3:47 | Create | Villager (Male) |
| 4:15 | Create | Villager (Male) |
| 4:15 | Create | Villager (Male) |
| 4:15 | Create | Villager (Male) |
| 4:15 | Create | Villager (Male) |
| 5:16 | Create | Villager (Male) |
| 5:17 | Create | Villager (Male) |
| 5:35 | Research | Loom |
| 5:41 | Build | House |
| 5:46 | Create | Villager (Male) |
| 5:50 | Create | Villager (Male) |
| 5:58 | Build | House |
| 6:07 | Create | Villager (Male) |
| 6:13 | Build | House |
| 6:26 | Create | Villager (Male) |
| 6:26 | Create | Villager (Male) |
| 7:18 | Build | Lumber Camp |
| 7:30 | Create | Villager (Male) |
| 7:49 | Create | Villager (Male) |
| 7:49 | Create | Villager (Male) |
| 8:17 | Create | Villager (Male) |
| 8:26 | Build | Mill |
| 8:38 | Create | Villager (Male) |
| 9:47 | Research | Feudal Age |
| 9:47 | Research | Feudal Age |
| 9:57 | Build | Mining Camp |
| 10:56 | Create | Villager (Male) |
| 10:56 | Create | Villager (Male) |
| 12:20 | Age | Feudal Age |
| 12:24 | Build | Market |
| 12:31 | Build | Blacksmith |
| 12:55 | Build | Farm |
| 12:55 | Build | Farm |
| 12:55 | Build | Farm |
| 12:55 | Build | Farm |
| 12:56 | Build | Farm |
| 12:56 | Build | Farm |
| 12:57 | Build | Farm |
| 13:15 | Research | Double-Bit Axe |
| 13:19 | Research | Castle Age |
| 13:20 | Research | Castle Age |
| 13:54 | Build | House |
| 14:55 | Research | Horse Collar |
| 15:06 | Build | House |
| 15:26 | Build | Mining Camp |
| 15:36 | Create | Villager (Male) |
| 15:39 | Research | Wheelbarrow |
| 15:53 | Build | House |
| 15:59 | Age | Castle Age |
| 16:11 | Build | Town Center |
| 16:22 | Research | Bow Saw |
| 17:02 | Build | Monastery |
| 17:19 | Research | Heavy Plow |
| 17:22 | Create | Villager (Male) |
| 17:29 | Create | Villager (Male) |
| 17:50 | Create | Villager (Male) |
| 17:53 | Create | Monk |
| 18:16 | Create | Villager (Male) |
| 18:28 | Create | Villager (Male) |
| 18:29 | Create | Villager (Male) |
| 18:33 | Create | Villager (Male) |
| 19:05 | Create | Villager (Male) |
| 19:06 | Create | Villager (Male) |
| 19:26 | Create | Villager (Male) |
| 19:27 | Create | Villager (Male) |
| 19:46 | Create | Villager (Male) |
| 19:46 | Create | Villager (Male) |
| 19:52 | Build | House |
| 20:14 | Build | House |
| 20:20 | Create | Villager (Male) |
| 20:20 | Create | Villager (Male) |
| 20:27 | Research | Fervor |
| 20:27 | Research | Fervor |
| 20:58 | Build | Castle |
| 21:08 | Create | Villager (Male) |
| 21:09 | Create | Villager (Male) |
| 21:09 | Create | Villager (Male) |
| 21:17 | Build | Farm |
| 21:18 | Build | Farm |
| 21:18 | Build | Farm |
| 21:18 | Build | Farm |
| 21:18 | Build | Farm |
| 21:22 | Build | Farm |
| 21:26 | Create | Trade Cart |
| 21:30 | Create | Villager (Male) |
| 21:31 | Create | Villager (Male) |
| 21:31 | Create | Villager (Male) |
| 21:54 | Build | Mining Camp |
| 21:58 | Create | Villager (Male) |
| 21:59 | Create | Villager (Male) |
| 21:59 | Create | Villager (Male) |
| 21:59 | Create | Villager (Male) |
| 22:12 | Build | Town Center |
| 22:19 | Create | Villager (Male) |
| 22:20 | Create | Villager (Male) |
| 22:26 | Create | Trade Cart |
| 22:34 | Build | House |
| 22:36 | Build | House |
| 22:39 | Create | Villager (Male) |
| 22:39 | Create | Villager (Male) |
| 22:44 | Build | Farm |
| 22:45 | Build | Farm |
| 22:50 | Create | Villager (Male) |
| 22:51 | Create | Villager (Male) |
| 23:00 | Create | Villager (Male) |
| 23:04 | Create | Villager (Male) |
| 23:04 | Create | Villager (Male) |
| 23:04 | Create | Villager (Male) |
| 23:13 | Create | Villager (Male) |
| 23:13 | Create | Villager (Male) |
| 23:28 | Build | Siege Workshop |
| 23:30 | Create | Villager (Male) |
| 23:30 | Create | Villager (Male) |
| 23:36 | Create | Villager (Male) |
| 23:36 | Create | Villager (Male) |
| 23:41 | Build | House |
| 23:52 | Build | Farm |
| 23:53 | Build | Farm |
| 24:00 | Create | Villager (Male) |
| 24:00 | Create | Villager (Male) |
| 24:05 | Create | Villager (Male) |
| 24:05 | Create | Villager (Male) |
| 24:06 | Create | Villager (Male) |
| 24:09 | Build | Farm |
| 24:09 | Build | Farm |
| 24:09 | Build | Farm |
| 24:21 | Build | University |
| 24:23 | Create | Villager (Male) |
| 24:24 | Create | Villager (Male) |
| 24:24 | Create | Villager (Male) |
| 24:27 | Create | Trade Cart |
| 24:31 | Build | House |
| 24:32 | Build | House |
| 24:41 | Create | Villager (Male) |
| 24:42 | Create | Villager (Male) |
Build order — GA_Unreal
First 150 of 750 actions detected
| 0:01 | Create | Villager (Male) |
| 0:01 | Create | Villager (Male) |
| 0:02 | Build | House |
| 0:05 | Build | House |
| 0:07 | Create | Villager (Male) |
| 0:08 | Create | Villager (Male) |
| 1:30 | Create | Villager (Male) |
| 1:46 | Build | Lumber Camp |
| 1:48 | Create | Villager (Male) |
| 2:06 | Create | Villager (Male) |
| 2:57 | Create | Villager (Male) |
| 2:57 | Create | Villager (Male) |
| 3:27 | Build | House |
| 3:38 | Create | Villager (Male) |
| 3:38 | Create | Villager (Male) |
| 3:54 | Create | Villager (Male) |
| 4:32 | Create | Villager (Male) |
| 4:32 | Create | Villager (Male) |
| 4:43 | Create | Villager (Male) |
| 5:10 | Create | Villager (Male) |
| 5:21 | Create | Villager (Male) |
| 5:55 | Build | House |
| 6:20 | Create | Villager (Male) |
| 6:58 | Create | Villager (Male) |
| 7:20 | Build | Mill |
| 7:25 | Create | Villager (Male) |
| 7:36 | Create | Villager (Male) |
| 7:40 | Build | House |
| 8:09 | Build | Mining Camp |
| 8:09 | Research | Feudal Age |
| 9:15 | Create | Villager (Male) |
| 9:16 | Create | Villager (Male) |
| 10:32 | Age | Feudal Age |
| 10:58 | Build | Market |
| 11:04 | Build | Blacksmith |
| 11:21 | Create | Villager (Male) |
| 11:33 | Build | Lumber Camp |
| 11:48 | Research | Castle Age |
| 12:05 | Research | Double-Bit Axe |
| 12:05 | Research | Double-Bit Axe |
| 13:31 | Create | Villager (Male) |
| 14:28 | Age | Castle Age |
| 14:31 | Build | Town Center |
| 14:34 | Build | Town Center |
| 14:38 | Create | Villager (Male) |
| 14:45 | Research | Bow Saw |
| 15:06 | Build | Farm |
| 15:07 | Build | Farm |
| 15:07 | Build | Farm |
| 15:07 | Build | Farm |
| 15:08 | Build | Farm |
| 15:08 | Build | Farm |
| 15:08 | Build | Farm |
| 15:18 | Create | Villager (Male) |
| 15:20 | Build | Farm |
| 15:21 | Build | Farm |
| 15:21 | Build | Farm |
| 15:21 | Build | Farm |
| 15:22 | Build | Farm |
| 15:22 | Build | Farm |
| 15:22 | Build | Farm |
| 15:25 | Build | Farm |
| 15:27 | Build | Farm |
| 15:31 | Create | Villager (Male) |
| 15:32 | Create | Villager (Male) |
| 15:32 | Create | Villager (Male) |
| 15:39 | Build | Farm |
| 15:41 | Build | Farm |
| 15:54 | Build | House |
| 15:55 | Build | House |
| 16:03 | Build | Farm |
| 16:06 | Build | Farm |
| 16:10 | Create | Villager (Male) |
| 16:22 | Build | Farm |
| 16:24 | Create | Villager (Male) |
| 16:28 | Build | Farm |
| 16:30 | Create | Villager (Male) |
| 16:41 | Build | Farm |
| 16:50 | Build | Farm |
| 16:52 | Create | Villager (Male) |
| 17:00 | Build | Farm |
| 17:01 | Create | Villager (Male) |
| 17:09 | Build | Farm |
| 17:10 | Create | Villager (Male) |
| 17:10 | Create | Villager (Male) |
| 17:15 | Build | Farm |
| 17:20 | Create | Villager (Male) |
| 17:25 | Build | Farm |
| 17:26 | Create | Villager (Male) |
| 17:27 | Create | Villager (Male) |
| 17:35 | Build | House |
| 17:41 | Build | Farm |
| 17:42 | Create | Villager (Male) |
| 17:53 | Create | Villager (Male) |
| 17:53 | Create | Villager (Male) |
| 17:55 | Build | Farm |
| 18:05 | Build | House |
| 18:13 | Create | Villager (Male) |
| 18:13 | Create | Villager (Male) |
| 18:16 | Create | Villager (Male) |
| 18:23 | Build | Town Center |
| 18:38 | Research | Wheelbarrow |
| 18:44 | Create | Villager (Male) |
| 18:47 | Build | Farm |
| 18:52 | Build | Farm |
| 18:54 | Create | Villager (Male) |
| 18:54 | Create | Villager (Male) |
| 18:57 | Build | Farm |
| 19:05 | Build | Farm |
| 19:06 | Create | Villager (Male) |
| 19:14 | Create | Villager (Male) |
| 19:14 | Create | Villager (Male) |
| 19:22 | Research | Horse Collar |
| 19:22 | Research | Horse Collar |
| 19:37 | Create | Villager (Male) |
| 19:50 | Create | Villager (Male) |
| 19:53 | Research | Gold Mining |
| 19:54 | Create | Villager (Male) |
| 20:00 | Build | Farm |
| 20:01 | Build | Farm |
| 20:01 | Build | Farm |
| 20:01 | Build | Farm |
| 20:02 | Build | Farm |
| 20:02 | Build | Farm |
| 20:02 | Build | Farm |
| 20:09 | Build | Farm |
| 20:14 | Create | Villager (Male) |
| 20:16 | Build | Farm |
| 20:18 | Create | Villager (Male) |
| 20:19 | Create | Villager (Male) |
| 20:19 | Create | Villager (Male) |
| 20:20 | Create | Villager (Male) |
| 20:29 | Build | House |
| 20:31 | Create | Villager (Male) |
| 20:31 | Create | Villager (Male) |
| 20:42 | Build | Farm |
| 20:43 | Create | Villager (Male) |
| 20:54 | Build | Farm |
| 21:00 | Create | Villager (Male) |
| 21:03 | Create | Villager (Male) |
| 21:04 | Create | Villager (Male) |
| 21:16 | Create | Villager (Male) |
| 21:16 | Create | Villager (Male) |
| 21:24 | Build | House |
| 21:25 | Build | House |
| 21:26 | Create | Villager (Male) |
| 21:28 | Create | Trade Cart |
| 21:34 | Create | Villager (Male) |
| 21:42 | Research | Gold Shaft Mining |
| 21:44 | Create | Villager (Male) |
Build order — Dis
First 150 of 669 actions detected
| 0:02 | Build | House |
| 0:03 | Build | House |
| 0:03 | Create | Villager (Male) |
| 0:03 | Create | Villager (Male) |
| 0:04 | Create | Villager (Male) |
| 0:04 | Create | Villager (Male) |
| 0:17 | Create | Villager (Male) |
| 1:33 | Create | Villager (Male) |
| 1:44 | Build | Lumber Camp |
| 2:01 | Create | Villager (Male) |
| 2:27 | Create | Villager (Male) |
| 2:57 | Build | House |
| 3:13 | Create | Villager (Male) |
| 3:13 | Create | Villager (Male) |
| 3:54 | Create | Villager (Male) |
| 4:10 | Create | Villager (Male) |
| 4:11 | Create | Villager (Male) |
| 5:04 | Create | Villager (Male) |
| 5:16 | Create | Villager (Male) |
| 5:20 | Build | House |
| 5:36 | Create | Villager (Male) |
| 6:33 | Create | Villager (Male) |
| 6:35 | Create | Villager (Male) |
| 6:41 | Build | Mill |
| 6:52 | Create | Villager (Male) |
| 7:15 | Create | Villager (Male) |
| 7:26 | Build | House |
| 7:48 | Build | Mining Camp |
| 7:53 | Create | Villager (Male) |
| 8:19 | Research | Feudal Age |
| 8:45 | Build | Farm |
| 9:02 | Build | Barracks |
| 9:50 | Create | Villager (Male) |
| 10:16 | Build | House |
| 10:23 | Build | House |
| 10:36 | Age | Feudal Age |
| 10:37 | Build | Stable |
| 10:38 | Create | Villager (Male) |
| 10:42 | Build | Blacksmith |
| 11:18 | Create | Villager (Male) |
| 11:30 | Build | House |
| 12:02 | Research | Castle Age |
| 12:16 | Build | Palisade Wall |
| 12:20 | Build | Palisade Wall |
| 12:23 | Build | Palisade Gate |
| 12:56 | Research | Double-Bit Axe |
| 13:00 | Research | Horse Collar |
| 13:40 | Build | House |
| 13:49 | Build | Farm |
| 13:50 | Build | Farm |
| 13:58 | Create | Villager (Male) |
| 13:58 | Create | Villager (Male) |
| 14:27 | Age | Castle Age |
| 14:29 | Build | Town Center |
| 14:49 | Create | Villager (Male) |
| 14:57 | Research | Bow Saw |
| 15:32 | Create | Villager (Male) |
| 15:35 | Create | Villager (Male) |
| 15:37 | Create | Villager (Male) |
| 15:39 | Build | Farm |
| 15:42 | Build | Farm |
| 15:45 | Build | Farm |
| 15:47 | Build | Farm |
| 15:52 | Create | Villager (Male) |
| 16:02 | Create | Villager (Male) |
| 16:02 | Create | Villager (Male) |
| 16:37 | Create | Villager (Male) |
| 16:37 | Create | Villager (Male) |
| 16:54 | Build | Town Center |
| 16:57 | Create | Villager (Male) |
| 17:13 | Build | Monastery |
| 17:14 | Create | Villager (Male) |
| 17:14 | Create | Villager (Male) |
| 17:14 | Create | Villager (Male) |
| 17:17 | Build | Farm |
| 17:27 | Create | Villager (Male) |
| 17:32 | Build | Farm |
| 17:35 | Build | Farm |
| 17:37 | Build | Farm |
| 17:51 | Build | Farm |
| 17:52 | Create | Villager (Male) |
| 17:52 | Create | Villager (Male) |
| 17:59 | Create | Villager (Male) |
| 18:15 | Build | Farm |
| 18:17 | Build | Farm |
| 18:23 | Create | Villager (Male) |
| 18:25 | Create | Monk |
| 18:26 | Build | House |
| 18:28 | Build | House |
| 18:29 | Create | Villager (Male) |
| 18:29 | Create | Villager (Male) |
| 18:29 | Create | Villager (Male) |
| 18:37 | Build | Farm |
| 18:38 | Build | Farm |
| 18:39 | Build | Farm |
| 18:46 | Create | Villager (Male) |
| 18:59 | Create | Villager (Male) |
| 18:59 | Create | Villager (Male) |
| 19:04 | Create | Villager (Male) |
| 19:08 | Build | Farm |
| 19:10 | Build | Farm |
| 19:23 | Create | Villager (Male) |
| 19:23 | Create | Villager (Male) |
| 19:26 | Build | Farm |
| 19:27 | Build | Farm |
| 19:28 | Create | Villager (Male) |
| 19:32 | Build | House |
| 19:33 | Build | House |
| 19:40 | Create | Villager (Male) |
| 19:45 | Build | Lumber Camp |
| 19:46 | Create | Villager (Male) |
| 19:49 | Build | Farm |
| 20:01 | Create | Villager (Male) |
| 20:02 | Create | Villager (Male) |
| 20:02 | Create | Villager (Male) |
| 20:11 | Build | Market |
| 20:11 | Create | Villager (Male) |
| 20:11 | Create | Villager (Male) |
| 20:22 | Create | Villager (Male) |
| 20:26 | Build | Farm |
| 20:29 | Build | Farm |
| 20:36 | Build | Farm |
| 20:37 | Create | Villager (Male) |
| 20:37 | Create | Villager (Male) |
| 20:48 | Build | House |
| 20:49 | Build | House |
| 20:50 | Build | House |
| 20:52 | Build | House |
| 20:53 | Create | Villager (Male) |
| 20:53 | Create | Villager (Male) |
| 20:53 | Create | Villager (Male) |
| 21:00 | Create | Villager (Male) |
| 21:00 | Create | Villager (Male) |
| 21:09 | Create | Villager (Male) |
| 21:12 | Create | Villager (Male) |
| 21:20 | Create | Villager (Male) |
| 21:21 | Create | Villager (Male) |
| 21:25 | Build | Farm |
| 21:26 | Create | Villager (Male) |
| 21:36 | Build | Town Center |
| 21:39 | Create | Villager (Male) |
| 21:39 | Create | Villager (Male) |
| 21:50 | Build | Lumber Camp |
| 21:51 | Create | Villager (Male) |
| 21:51 | Create | Villager (Male) |
| 21:52 | Create | Villager (Male) |
| 21:58 | Create | Villager (Male) |
| 22:05 | Build | Farm |
| 22:06 | Create | Villager (Male) |
| 22:11 | Build | Farm |
Build order — ovejaelectrica
First 150 of 484 actions detected
| 0:03 | Build | House |
| 0:04 | Build | House |
| 0:04 | Create | Villager (Male) |
| 0:05 | Create | Villager (Male) |
| 0:05 | Create | Villager (Male) |
| 0:05 | Create | Villager (Male) |
| 0:22 | Create | Villager (Male) |
| 0:22 | Create | Villager (Male) |
| 0:23 | Create | Villager (Male) |
| 1:57 | Create | Villager (Male) |
| 1:58 | Create | Villager (Male) |
| 2:01 | Build | Lumber Camp |
| 2:19 | Create | Villager (Male) |
| 2:20 | Create | Villager (Male) |
| 2:39 | Create | Villager (Male) |
| 2:39 | Create | Villager (Male) |
| 2:39 | Create | Villager (Male) |
| 3:23 | Create | Villager (Male) |
| 3:23 | Create | Villager (Male) |
| 3:24 | Create | Villager (Male) |
| 3:44 | Build | House |
| 3:45 | Build | House |
| 4:01 | Create | Villager (Male) |
| 4:02 | Create | Villager (Male) |
| 4:12 | Create | Villager (Male) |
| 4:12 | Create | Villager (Male) |
| 4:13 | Create | Villager (Male) |
| 4:53 | Create | Villager (Male) |
| 4:53 | Create | Villager (Male) |
| 5:35 | Build | Mill |
| 6:11 | Create | Villager (Male) |
| 6:11 | Create | Villager (Male) |
| 6:18 | Create | Villager (Male) |
| 6:54 | Create | Villager (Male) |
| 7:04 | Create | Villager (Male) |
| 7:17 | Create | Villager (Male) |
| 7:20 | Build | Farm |
| 7:21 | Build | Farm |
| 7:26 | Build | Farm |
| 7:46 | Create | Villager (Male) |
| 7:50 | Build | Barracks |
| 8:04 | Research | Feudal Age |
| 8:09 | Build | Mining Camp |
| 8:39 | Build | Farm |
| 9:15 | Create | Villager (Male) |
| 10:10 | Create | Villager (Male) |
| 10:14 | Age | Feudal Age |
| 10:16 | Build | Stable |
| 10:20 | Create | Villager (Male) |
| 10:55 | Build | Blacksmith |
| 10:58 | Create | Villager (Male) |
| 11:01 | Create | Scout Cavalry |
| 11:01 | Create | Scout Cavalry |
| 11:02 | Create | Scout Cavalry |
| 11:05 | Create | Villager (Male) |
| 11:07 | Build | House |
| 11:08 | Build | House |
| 11:12 | Research | Town Watch |
| 11:15 | Create | Villager (Male) |
| 11:16 | Create | Villager (Male) |
| 11:38 | Build | Farm |
| 11:41 | Create | Villager (Male) |
| 11:59 | Create | Villager (Male) |
| 12:08 | Build | Farm |
| 12:09 | Create | Villager (Male) |
| 12:32 | Build | Farm |
| 12:35 | Create | Villager (Male) |
| 13:07 | Create | Villager (Male) |
| 13:31 | Create | Villager (Male) |
| 13:47 | Build | Market |
| 13:50 | Create | Villager (Male) |
| 14:18 | Research | Castle Age |
| 14:23 | Research | Double-Bit Axe |
| 14:46 | Build | House |
| 14:47 | Build | House |
| 14:58 | Create | Villager (Male) |
| 15:13 | Research | Horse Collar |
| 15:44 | Create | Villager (Male) |
| 15:56 | Research | Gold Mining |
| 16:01 | Build | Farm |
| 16:04 | Build | Farm |
| 16:21 | Create | Villager (Male) |
| 16:58 | Age | Castle Age |
| 17:01 | Build | Monastery |
| 17:06 | Build | House |
| 17:07 | Build | House |
| 17:09 | Create | Villager (Male) |
| 17:10 | Create | Villager (Male) |
| 17:14 | Build | Town Center |
| 17:17 | Research | Bow Saw |
| 17:27 | Create | Villager (Male) |
| 17:39 | Create | Monk |
| 17:39 | Create | Monk |
| 17:46 | Create | Villager (Male) |
| 17:47 | Build | Farm |
| 17:47 | Create | Villager (Male) |
| 17:49 | Create | Villager (Male) |
| 18:39 | Build | Town Center |
| 18:43 | Create | Villager (Male) |
| 18:44 | Create | Villager (Male) |
| 18:45 | Create | Villager (Male) |
| 18:45 | Create | Villager (Male) |
| 18:45 | Create | Villager (Male) |
| 18:46 | Create | Villager (Male) |
| 18:52 | Build | Farm |
| 19:01 | Create | Villager (Male) |
| 19:05 | Create | Monk |
| 19:20 | Create | Villager (Male) |
| 19:21 | Create | Villager (Male) |
| 19:22 | Create | Villager (Male) |
| 19:32 | Research | Heavy Plow |
| 19:46 | Create | Villager (Male) |
| 19:46 | Create | Villager (Male) |
| 19:49 | Build | Farm |
| 19:50 | Build | Farm |
| 20:25 | Create | Villager (Male) |
| 20:26 | Create | Villager (Male) |
| 20:27 | Create | Villager (Male) |
| 20:30 | Build | Farm |
| 20:31 | Build | Farm |
| 20:32 | Build | Farm |
| 20:34 | Build | Farm |
| 20:36 | Build | Farm |
| 20:37 | Create | Villager (Male) |
| 20:37 | Create | Villager (Male) |
| 20:42 | Create | Villager (Male) |
| 20:44 | Create | Villager (Male) |
| 20:44 | Create | Villager (Male) |
| 20:48 | Build | Farm |
| 20:48 | Build | Farm |
| 21:00 | Create | Villager (Male) |
| 21:03 | Create | Monk |
| 21:14 | Create | Villager (Male) |
| 21:15 | Create | Villager (Male) |
| 21:22 | Build | Farm |
| 21:23 | Build | Farm |
| 21:24 | Build | Farm |
| 21:26 | Build | Farm |
| 21:28 | Build | Farm |
| 21:30 | Build | Farm |
| 21:41 | Build | Market |
| 21:46 | Create | Villager (Male) |
| 21:47 | Create | Villager (Male) |
| 21:47 | Create | Villager (Male) |
| 21:56 | Create | Villager (Male) |
| 21:58 | Create | Villager (Male) |
| 22:00 | Build | Farm |
| 22:09 | Build | Lumber Camp |
| 22:45 | Create | Villager (Male) |
| 22:49 | Create | Villager (Male) |
Match timeline
| 6:42 | Alemuar · wall_segment Palisade Wall x6 |
| 7:50 | ovejaelectrica · first_building Barracks |
| 8:26 | Jail-Undercover · wall_segment Palisade Wall x18 |
| 9:02 | Dis · first_building Barracks |
| 9:34 | GA_PureViolence · wall_segment Palisade Wall x11 |
| 9:56 | Jail-Undercover · wall_segment Palisade Wall x1 |
| 10:14 | ovejaelectrica · age_up feudal |
| 10:16 | ovejaelectrica · first_building Stable |
| 10:18 | GA_PureViolence · wall_segment Palisade Wall x7 |
| 10:32 | GA_Unreal · age_up feudal |
| 10:36 | Dis · age_up feudal |
| 10:37 | Dis · first_building Stable |
| 10:50 | Pisagor Amca · wall_segment Palisade Wall x14 |
| 11:02 | GA_PureViolence · wall_segment Palisade Wall x6 |
| 11:05 | GA_PureViolence · wall_segment Palisade Wall x4 |
| 11:24 | Alemuar · age_up feudal |
| 11:28 | Jail-Undercover · age_up feudal |
| 11:33 | Jail-Undercover · wall_segment Stone Wall x20 |
| 11:42 | GA_PureViolence · age_up feudal |
| 11:52 | Pisagor Amca · age_up feudal |
| 12:16 | Dis · wall_segment Palisade Wall x13 |
| 12:20 | Dis · wall_segment Palisade Wall x11 |
| 12:20 | I_IFK · age_up feudal |
| 12:33 | GA_PureViolence · wall_segment Palisade Wall x5 |
| 13:02 | GA_PureViolence · wall_segment Stone Wall x10 |
| 14:27 | Dis · age_up castle |
| 14:28 | GA_Unreal · age_up castle |
| 15:03 | GA_Unreal · first_market_buy 100 stone |
| 15:10 | Pisagor Amca · wall_segment Palisade Wall x1 |
| 15:20 | Pisagor Amca · first_market_buy 100 wood |
| 15:22 | Alemuar · age_up castle |
| 15:25 | GA_PureViolence · wall_segment Stone Wall x9 |
| 15:27 | GA_PureViolence · wall_segment Stone Wall x1 |
| 15:36 | Pisagor Amca · age_up castle |
| 15:40 | GA_PureViolence · wall_segment Stone Wall x1 |
| 15:45 | GA_PureViolence · wall_segment Stone Wall x1 |
| 15:59 | I_IFK · age_up castle |
| 16:05 | Jail-Undercover · age_up castle |
| 16:07 | Jail-Undercover · first_market_buy 100 stone |
| 16:25 | GA_PureViolence · wall_segment Stone Wall x1 |
| 16:28 | GA_PureViolence · wall_segment Stone Wall x1 |
| 16:28 | GA_PureViolence · wall_segment Stone Wall x1 |
| 16:29 | GA_PureViolence · wall_segment Stone Wall x1 |
| 16:30 | GA_PureViolence · wall_segment Stone Wall x1 |
| 16:44 | GA_PureViolence · wall_segment Stone Wall x1 |
| 16:52 | GA_PureViolence · wall_segment Stone Wall x1 |
| 16:54 | I_IFK · first_market_buy 100 wood |
| 16:58 | ovejaelectrica · age_up castle |
| 17:01 | ovejaelectrica · first_building Monastery |
| 17:02 | Jail-Undercover · first_building Siege Workshop |
| 17:02 | I_IFK · first_building Monastery |
| 17:13 | Dis · first_building Monastery |
| 17:34 | GA_PureViolence · wall_segment Stone Wall x1 |
| 17:35 | GA_PureViolence · wall_segment Stone Wall x1 |
| 17:36 | GA_PureViolence · wall_segment Stone Wall x1 |
| 17:37 | GA_PureViolence · wall_segment Stone Wall x1 |
| 17:49 | GA_PureViolence · age_up castle |
| 18:04 | ovejaelectrica · first_market_sell 100 food |
| 18:05 | GA_PureViolence · wall_segment Stone Wall x1 |
| 18:05 | ovejaelectrica · first_market_buy 100 wood |
| 18:32 | Pisagor Amca · first_building Monastery |
| 18:45 | GA_PureViolence · first_market_buy 100 wood |
| 19:06 | GA_PureViolence · wall_segment Stone Wall x5 |
| 19:08 | GA_PureViolence · wall_segment Stone Wall x2 |
| 19:11 | GA_PureViolence · wall_segment Stone Wall x5 |
| 19:15 | GA_PureViolence · wall_segment Stone Wall x6 |
| 19:16 | GA_PureViolence · wall_segment Stone Wall x4 |
| 20:58 | I_IFK · first_building Castle |
| 23:28 | I_IFK · first_building Siege Workshop |
| 24:40 | Alemuar · first_building Castle |
| 24:51 | Pisagor Amca · first_building Castle |
| 25:16 | Jail-Undercover · first_building Monastery |
| 25:50 | GA_PureViolence · first_building Siege Workshop |
| 26:03 | Alemuar · first_market_sell 100 wood |
| 26:04 | GA_Unreal · first_building Castle |
| 26:28 | GA_PureViolence · first_building Castle |
| 27:03 | GA_Unreal · first_building Siege Workshop |
| 27:06 | Dis · first_building Castle |
| 27:56 | Pisagor Amca · first_building Siege Workshop |
| 28:49 | Jail-Undercover · first_building Barracks |
| 28:56 | GA_PureViolence · wall_segment Stone Wall x7 |
| 29:00 | GA_PureViolence · wall_segment Stone Wall x4 |
| 29:05 | GA_PureViolence · wall_segment Stone Wall x1 |
| 29:14 | Jail-Undercover · age_up imperial |
| 29:38 | Alemuar · age_up imperial |
| 29:57 | Pisagor Amca · first_building Barracks |
| 30:29 | Pisagor Amca · first_building Stable |
| 30:30 | Pisagor Amca · first_building Archery Range |
| 30:40 | Dis · age_up imperial |
| 30:45 | GA_PureViolence · age_up imperial |
| 30:51 | GA_Unreal · age_up imperial |
| 30:58 | GA_Unreal · first_market_sell 100 food |
| 31:16 | Pisagor Amca · age_up imperial |
| 32:20 | ovejaelectrica · age_up imperial |
| 32:54 | I_IFK · age_up imperial |
| 33:10 | GA_PureViolence · wall_segment Palisade Wall x1 |
| 33:52 | Jail-Undercover · first_building Castle |
| 35:22 | I_IFK · first_building Barracks |
| 36:25 | Pisagor Amca · first_market_sell 500 wood |
| 37:11 | GA_Unreal · first_building Barracks |
| 37:53 | GA_PureViolence · first_building Barracks |
| 38:07 | GA_Unreal · first_building Archery Range |
| 38:49 | Alemuar · first_market_buy 100 stone |
| 39:09 | ovejaelectrica · first_building Castle |
| 42:30 | Alemuar · first_building Barracks |
| 42:55 | Alemuar · tribute_sent a jugador 1 |
| 42:55 | Alemuar · tribute_sent a jugador 2 |
| 42:55 | Alemuar · tribute_sent a jugador 4 |
| 42:55 | Alemuar · tribute_sent a jugador 5 |
| 42:55 | Alemuar · tribute_sent a jugador 6 |
| 42:55 | Alemuar · tribute_sent a jugador 7 |
| 42:55 | Alemuar · tribute_sent a jugador 8 |
| 43:21 | Alemuar · tribute_sent a jugador 1 |
| 43:21 | Alemuar · tribute_sent a jugador 2 |
| 43:21 | Alemuar · tribute_sent a jugador 4 |
| 43:21 | Alemuar · tribute_sent a jugador 5 |
| 43:21 | Alemuar · tribute_sent a jugador 6 |
| 43:21 | Alemuar · tribute_sent a jugador 7 |
| 43:21 | Alemuar · tribute_sent a jugador 8 |
| 43:55 | Pisagor Amca · tribute_sent a jugador 1 |
| 43:55 | Pisagor Amca · tribute_sent a jugador 2 |
| 43:55 | Pisagor Amca · tribute_sent a jugador 3 |
| 43:55 | Pisagor Amca · tribute_sent a jugador 5 |
| 43:55 | Pisagor Amca · tribute_sent a jugador 6 |
| 43:55 | Pisagor Amca · tribute_sent a jugador 7 |
| 43:55 | Pisagor Amca · tribute_sent a jugador 8 |
| 45:45 | GA_PureViolence · first_building Stable |
| 47:03 | ovejaelectrica · resign |
| 48:37 | Dis · first_market_sell 500 stone |
| 49:00 | Alemuar · tribute_sent a jugador 1 |
| 49:00 | Alemuar · tribute_sent a jugador 2 |
| 49:00 | Alemuar · tribute_sent a jugador 4 |
| 49:00 | Alemuar · tribute_sent a jugador 5 |
| 49:00 | Alemuar · tribute_sent a jugador 6 |
| 49:00 | Alemuar · tribute_sent a jugador 7 |
| 49:00 | Alemuar · tribute_sent a jugador 8 |
| 49:14 | Alemuar · tribute_sent a jugador 1 |
| 49:14 | Alemuar · tribute_sent a jugador 2 |
| 49:14 | Alemuar · tribute_sent a jugador 4 |
| 49:14 | Alemuar · tribute_sent a jugador 5 |
| 49:14 | Alemuar · tribute_sent a jugador 6 |
| 49:14 | Alemuar · tribute_sent a jugador 7 |
| 49:14 | Alemuar · tribute_sent a jugador 8 |
| 53:30 | Alemuar · tribute_sent a jugador 1 |
| 53:30 | Alemuar · tribute_sent a jugador 2 |
| 53:30 | Alemuar · tribute_sent a jugador 4 |
| 53:30 | Alemuar · tribute_sent a jugador 5 |
| 53:30 | Alemuar · tribute_sent a jugador 6 |
| 53:30 | Alemuar · tribute_sent a jugador 7 |
| 53:30 | Alemuar · tribute_sent a jugador 8 |
| 53:53 | Alemuar · tribute_sent a jugador 1 |
| 53:53 | Alemuar · tribute_sent a jugador 2 |
| 53:53 | Alemuar · tribute_sent a jugador 4 |
| 53:53 | Alemuar · tribute_sent a jugador 5 |
| 53:53 | Alemuar · tribute_sent a jugador 6 |
| 53:53 | Alemuar · tribute_sent a jugador 7 |
| 53:53 | Alemuar · tribute_sent a jugador 8 |
| 54:16 | GA_PureViolence · first_market_sell 500 wood |
| 54:24 | Pisagor Amca · tribute_sent a jugador 1 |
| 54:24 | Pisagor Amca · tribute_sent a jugador 2 |
| 54:24 | Pisagor Amca · tribute_sent a jugador 3 |
| 54:24 | Pisagor Amca · tribute_sent a jugador 5 |
| 54:24 | Pisagor Amca · tribute_sent a jugador 6 |
| 54:24 | Pisagor Amca · tribute_sent a jugador 7 |
| 54:24 | Pisagor Amca · tribute_sent a jugador 8 |
| 54:50 | Alemuar · first_building Monastery |
[ AI ANALYSIS · 1 CREDIT ]
What really happened in this match?
Wolo.gg analyzes every decision: build order, eco, micro, common mistakes by bracket. Personalized analysis on WhatsApp or Discord in 30 seconds.
Civ guide
Ethiopians
Perfil
Jugador #5838187